 Dungeon Crawl Stone Soup version 0.28.0 (webtiles) character file.

Game seed: 2737109402065278295

56 Strat the Chopper (level 3, -4/33 HPs)
             Began as a Minotaur Berserker on Feb 9, 2022.
             Was a Believer of Trog.
             Slain by Jessica (9 damage)
             ... on level 2 of the Dungeon.
             The game lasted 00:02:34 (608 turns).

Strat the Chopper (Minotaur Berserker)               Turns: 608, Time: 00:02:35

Health: -4/33      AC:  9    Str: 21    XL:     3   Next: 71%
Magic:  2/2        EV:  8    Int:  4    God:    Trog [**....]
Gold:   16         SH:  0    Dex: 11    Spells: 2/2 levels left

rFire   . . .      SeeInvis .   a - +0 hand axe
rCold   . . .      Faith    .   (no shield)
rNeg    . . .      Spirit   .   e - +0 chain mail
rPois   .          Reflect  .   (helmet restricted)
rElec   .          Harm     .   (no cloak)
rCorr   .          Rampage  .   (no gloves)
Will    .....                   (no boots)
Stlth   ..........              (no amulet)
HPRegen 0.11/turn               (no ring)
MPRegen 0.08/turn               (no ring)

@: no status effects
A: horns 2, retaliatory headbutt
a: Renounce Religion, Berserk, Trog's Hand


You were on level 2 of the Dungeon.
You worshipped Trog.
Trog was pleased with you.
You visited 1 branch of the dungeon, and saw 2 of its levels.

You collected 16 gold pieces.

Inventory:

Hand Weapons
 a - a +0 hand axe (weapon)
 b - a +0 hunting sling
 g - a +0 flail
Missiles
 h - 24 stones (quivered)
Armour
 e - a +0 chain mail (worn)
 k - a +0 animal skin
Scrolls
 d - 2 scrolls of identify {unknown}
 f - a scroll of fear {unknown}
Potions
 c - 3 potions of mutation {unknown}
 i - a potion of cancellation {unknown}
 j - a potion of resistance {unknown}
 l - a potion of degeneration {unknown}


   Skills:
 + Level 4.2 Fighting
 + Level 4.2 Axes
 + Level 3.2 Armour
 + Level 2.9 Dodging


You had 2 spell levels left.
You didn't know any spells.
Your spell library was empty.

Dungeon Overview and Level Annotations

Branches:
Dungeon (2/15)

Altars:

Annotations:
D:2 Jessica


Innate Abilities, Weirdness & Mutations

You have a pair of horns on your head.
You reflexively headbutt those who attack you in melee.


Message History

Found an escape hatch in the ceiling.
A rat comes into view.
You barely miss the rat. You headbutt the rat.
You kill the rat!
Trog accepts your kill.
A bat comes into view.
You hit the bat.
The bat is heavily wounded.
The bat barely misses you. You furiously retaliate!
You headbutt the bat!
You kill the bat!
Trog accepts your kill.
Found an orange potion.
l - an orange potion
Found two stone staircases leading down.
Jessica the Apprentice Sorceress comes into view.
She is wielding a +6 club.
Jessica shouts!
Jessica mumbles some strange words.
Jessica seems to speed up.
Jessica casts a spell.
Jessica blinks!
Jessica hits you with a +6 club!
* * * LOW HITPOINT WARNING * * *
You hit Jessica.
Jessica is heavily wounded.
Jessica barely misses you. Jessica hits you with a +6 club.
* * * LOW HITPOINT WARNING * * *
You hit Jessica.
Jessica is severely wounded.
Jessica hits you with a +6 club.
* * * LOW HITPOINT WARNING * * *
You hit Jessica. Your headbutt misses Jessica.
Jessica is almost dead.
Jessica shouts, "Stop bothering me, or I'll kill you!"
Jessica hits you but does no damage. Jessica gestures at you while chanting.
You barely resist. You closely miss Jessica.
Jessica is severely wounded.
Jessica hits you with a +6 club!
You die...

# #.#..#####..... .#
#...# #...... .. ##..#
#.#.### .# # ##...##
...#..# # #. ##.....
######.#
##.###....####### #.#
#...............####.##
#....##@..#####........
. #.....@...# #######..
#....##...# ## ....###
#...# .## #>>.# #####


You could see Jessica (fast).

Vanquished Creatures
  Robin (D:2)
  A gnoll (D:1)
  2 dart slugs (D:1)
  3 bats
  An endoplasm (D:1)
  2 giant cockroaches (D:1)
  10 goblins
  A hobgoblin (D:2)
  2 kobolds (D:1)
  A quokka (D:1)
  A ball python (D:1)
  2 frilled lizards
  3 rats
30 creatures vanquished.

Notes
Turn   | Place    | Note
-------+----------+-------------------------------------------
     0 | D:1      | Strat the Minotaur Berserker began the quest for the Orb.
     0 | D:1      | Reached XP level 1. HP: 19/19 MP: 0/0
    65 | D:1      | Reached XP level 2. HP: 14/27 MP: 1/1
   156 | D:1      | Found a faded altar of an unknown god.
   255 | D:1      | Reached XP level 3. HP: 14/33 MP: 2/2
   487 | D:2      | Noticed Robin
   502 | D:2      | Reached ** piety under Trog
   519 | D:2      | Killed Robin
   599 | D:2      | Noticed Jessica
   608 | D:2      | Slain by Jessica

Illustrated notes

Levels and vault maps discovered:
D:1:      nicolae_arrival_washed_ashore, layout_rooms,
          hellmonk_ecumenical_altar_inner_sanctum, lemuel_old_faithful
D:2:      minmay_general_purpose_star, layout_rooms, kennysheep_generic_room_8,
          uniq_robin, uniq_crazy_yiuf_cottage, uniq_jessica

Skill      XL: |  1  2 |
---------------+-------+-----
Axes           | 4 |  4.2
Fighting       | 4 |  4.2
Armour         | 3 |  3.2
Dodging        | |  2.9

Action                   || total
-------------------------++-------
Melee: Hand axe          ||    71
       Headbutt          ||    13
       Punch             ||     1
 Fire: Hunting sling     ||     2
Armor: Chain mail        ||    29
Dodge: Dodged            ||    21
